 Dungeon Sprint DCSS version 0.31.0-12-g77e489cdc1 (webtiles) character file.

Game seed: 16072114430401553796

240 Heoruswealwe the Spear-Bearer (level 5, -2/53 HPs)
             Began as a Minotaur Fighter on Feb 15, 2024.
             Slain by a hornet (11 damage)
             ... in the Dungeon (Sprint IX: "|||||||||||||||||||||||||||||").
             The game lasted 00:00:46 (111 turns).

Heoruswealwe the Spear-Bearer (Minotaur Fighter)     Turns: 111, Time: 00:00:47

Health: -2/53      AC:  8    Str: 22    XL:     5   Next: 80%
Magic:  4/4        EV:  9    Int:  5    God:
Gold:   0          SH:  4    Dex: 10    Spells: 4/4 levels left

rFire   . . .        a - +0 trident
rCold   . . .        d - +0 buckler
rNeg    . . .        c - +0 scale mail
rPois   .            (helmet restricted)
rElec   .            (no cloak)
rCorr   .            (no gloves)
SInv    .            (no boots)
Will    .....        (no amulet) Stlth
                     (no ring)
HPRegen 0.28/turn    (no ring)
MPRegen 0.09/turn

%: no teleportation
@: no status effects
A: horns 2, retaliatory headbutt
a: no special abilities


You were in the Dungeon.
You visited 1 branch

Inventory:

Hand Weapons
 a - a +0 trident (weapon)
Armour
 c - a +0 scale mail (worn)
 d - a +0 buckler (worn)
Jewellery
 n - a +2 ring of evasion
 o - a +2 ring of protection
Wands
 m - a wand of acid (10)
Scrolls
 j - 2 scrolls of blinking
 l - 2 scrolls of amnesia
Potions
 b - a potion of might
 e - 5 potions of curing
 f - 3 potions of heal wounds
 g - a potion of haste
 h - 2 potions of magic
 i - a potion of berserk rage
 k - a potion of invisibility


   Skills:
 + Level 8.1 Fighting
 * Level 10.5 Polearms
 + Level 8.1 Armour
 - Level 3.6 Shields


You had 4 spell levels left.
You didn't know any spells.
Your spell library was empty.

Dungeon Overview and Level Annotations

Branches:
Dungeon (1/1)

Altars:
Cheibriados
Dithmenos
Elyvilon
Fedhas
Gozag
Hepliaklqana
Kikubaaqudgha
Makhleb
Nemelex Xobeh
Okawaru
Qazlal
Ru
Sif Muna
Trog
Uskayaw
Vehumet
Wu Jian
Xom
Yredelemnul
Zin
The Shining One
Jiyva
Lugonu


Innate Abilities, Weirdness & Mutations

You have a pair of horns on your head.
You reflexively headbutt those who attack you in melee.


Message History

The yak is moderately wounded.
The yak gores you!
You barely miss the yak.
The yak is moderately wounded.
The yak barely misses you. You furiously retaliate!
You headbutt the yak. You hit the yak. You headbutt the yak!
The yak is severely wounded.
The yak gores you!
You hit the yak.
The yak is almost dead.
You barely miss the yak. You headbutt the yak.
The yak is almost dead.
The yak gores you.
You hit the yak.
You kill the yak!
Your Fighting skill gained 2 levels and is now at level 8!
Your Polearms skill gained 3 levels and is now at level 10!
Your Armour skill gained 2 levels and is now at level 8!
You have reached level 5!
You hit the hornet. Your headbutt misses the hornet.
The hornet is lightly wounded.
The hornet stings you.
* * * LOW HITPOINT WARNING * * *
You feel yourself slow down.
You closely miss the hornet. You block the hornet's attack. x2
You puncture the hornet! You headbutt the hornet!
The hornet is severely wounded.
The hornet barely misses you.
The hornet stings you but does no damage.
You puncture the hornet!
The hornet is almost dead.
You feel yourself speed up. The hornet stings you!
* * * LOW HITPOINT WARNING * * *
You feel yourself slow down. You block the hornet's attack.
You hit the hornet. Your headbutt misses the hornet.
The hornet is almost dead.
You feel yourself speed up. The hornet stings you!
You die...

▓.▓
▓.▓
▓o▓
▓y▓
▓k▓
▓O▓
▓y▓
▓@▓
▓.▓
▓[▓
▓[▓
▓[▓
▓.▓
▓)▓
▓.▓
▓!▓


You could see a two-headed ogre, 2 hornets, an orc warrior and a wyvern.

Vanquished Creatures
  A yak (D)
  A bombardier beetle (D)
  A hound (D)
  A sleepcap (D)
  2 orcs (D)
  A hobgoblin (D)
  A kobold (D)
  A quokka (D)
  2 frilled lizards (D)
11 creatures vanquished.

Notes
Turn   | Place    | Note
-------+----------+-------------------------------------------
     0 | D        | Heoruswealwe the Minotaur Fighter began the quest for the
                  | Orb.
     0 | D        | Reached XP level 1. HP: 19/19 MP: 0/0
     8 | D        | Reached skill level 3 in Polearms
    34 | D        | Noticed a bombardier beetle
    34 | D        | Noticed a hound
    34 | D        | Noticed a sleepcap
    37 | D        | Killed a sleepcap
    38 | D        | Reached skill level 5 in Fighting
    38 | D        | Reached skill level 5 in Polearms
    38 | D        | Reached skill level 5 in Armour
    38 | D        | Reached XP level 2. HP: 29/29 MP: 1/1
    38 | D        | Reached XP level 3. HP: 36/36 MP: 2/2
    47 | D        | Reached skill level 6 in Polearms
    53 | D        | Reached skill level 7 in Polearms
    53 | D        | Reached XP level 4. HP: 45/45 MP: 3/3
    58 | D        | Found a snail-covered altar of Cheibriados.
    58 | D        | Found a shadowy altar of Dithmenos.
    58 | D        | Found a white marble altar of Elyvilon.
    58 | D        | Found a blossoming altar of Fedhas.
    58 | D        | Found an opulent altar of Gozag.
    59 | D        | Found a hazy altar of Hepliaklqana.
    60 | D        | Found a viscous altar of Jiyva.
    61 | D        | Found an ancient bone altar of Kikubaaqudgha.
    62 | D        | Found a corrupted altar of Lugonu.
    63 | D        | Found a burning altar of Makhleb.
    64 | D        | Found a sparkling altar of Nemelex Xobeh.
    65 | D        | Found an iron altar of Okawaru.
    66 | D        | Found a stormy altar of Qazlal.
    67 | D        | Found a sacrificial altar of Ru.
    68 | D        | Found a shimmering blue altar of Sif Muna.
    69 | D        | Found a bloodstained altar of Trog.
    70 | D        | Found a hide-covered altar of Uskayaw.
    71 | D        | Found a radiant altar of Vehumet.
    72 | D        | Found an ornate altar of the Wu Jian Council.
    73 | D        | Found a shimmering altar of Xom.
    74 | D        | Found a basalt altar of Yredelemnul.
    75 | D        | Found a glowing silver altar of Zin.
    76 | D        | Found a glowing golden altar of the Shining One.
   100 | D        | Noticed an orc warrior
   100 | D        | Noticed a hornet
   100 | D        | Noticed a wyvern
   100 | D        | Noticed a two-headed ogre
   100 | D        | Noticed a hornet
   100 | D        | Noticed a yak
   106 | D        | Killed a yak
   107 | D        | Reached skill level 10 in Polearms
   107 | D        | Reached XP level 5. HP: 17/53 MP: 4/4
   111 | D        | Slain by a hornet

Illustrated notes

Levels and vault maps discovered:
D:        linesprint [early_d, line_temple, items_1, d_10, items_2, lair_1,
          lair_end, items_3, orc_1, orc_end, items_4, d_15, swamp_1, shoals_1,
          snake_1, spider_1, d_20, vaults_1, items_5, swamp_end, shoals_end,
          snake_end, spider_end, vaults_end, d_27, items_6, zot_1, zot_end,
          crypt_end, forest_end, elf_end, slime_end, tomb_end, abyss_end,
          pan_hell_end]

Skill      XL: |  1  2  3  4 |
---------------+-------------+-----
Polearms       | 5 7 10 | 10.5
Fighting       | 5 6 8 |  8.1
Armour         | 5 6 8 |  8.1
Shields        | |  3.6

Action                     |  1- 3 |  4- 6 || total
---------------------------+-------+-------++-------
  Melee: Trident           |    25 |    11 ||    36
         Headbutt          |     3 |     4 ||     7
 Armour: Scale mail        |    11 |     7 ||    18
  Dodge: Dodged            |     9 |     2 ||    11
  Block: Buckler           |     2 |     3 ||     5
